 Dungeon Crawl Stone Soup version 0.22.0-38-g04b72b8 (webtiles) character file.

206230 sipior the Swashbuckler (level 19, 0/128 HPs)
             Began as a Kobold Hunter on Aug 24, 2018.
             Was the Champion of Dithmenos.
             Slain by a deep troll shaman (5 damage)
             ... on level 15 of the Dungeon on Aug 26, 2018.
             The game lasted 05:49:59 (53026 turns).

sipior the Swashbuckler (Kobold Hunter)            Turns: 53026, Time: 05:50:00

Health: 0/128      AC: 23    Str: 12    XL:     19   Next: 42%
Magic:  28/28      EV: 27    Int: 13    God:    Dithmenos [******]
Gold:   1026       SH: 14    Dex: 20    Spells: 13/18 levels left

rFire    x . .     SeeInvis .   b - +2 rapier (venom)
rCold    + . .     Gourm    .   V - +1 buckler {AC+3}
rNeg     . . .     Faith    .   X - +2 leather armour {rPois}
rPois    +         Spirit   .   t - +2 helmet
rElec    .         Reflect  +   J - +0 cloak
rCorr    .         Harm     .   U - +2 pair of gloves
MR       +....                  k - +1 pair of boots
Stlth    ++++++++++             G - +6 amulet of reflection
HPRegen  0.31/turn              g - ring of ice
MPRegen  0.21/turn              E - +3 ring of protection

@: about to teleport, very slightly contaminated, wreathed by umbra
A: small, carnivore
}: 1/15 runes: serpentine
a: Shadow Step, Shadow Form, Renounce Religion


You were on level 15 of the Dungeon.
You worshipped Dithmenos.
Dithmenos was exalted by your worship.
You were completely stuffed.

You visited 7 branches of the dungeon, and saw 30 of its levels.
You also visited: Sewer, Bailey and Ice Cave.

You collected 3416 gold pieces.
You spent 2390 gold pieces at shops.

Inventory:

Hand Weapons
 a - a +3 hand crossbow of velocity
 b - a +2 rapier of venom (weapon)
Missiles
 d - 209 bolts
 w - a throwing net (quivered)
Armour
 k - a +1 pair of boots (worn)
 m - a +0 pair of gloves of strength
 t - a +2 helmet (worn)
 J - a +0 cloak (worn)
 U - a +2 pair of gloves (worn)
 V - a +1 buckler of protection (worn)
 W - +0 acid dragon scales
 X - a +2 leather armour of poison resistance (worn)
Jewellery
 g - a ring of ice (left hand)
 q - an uncursed ring of flight
 A - an uncursed ring of positive energy
 D - an uncursed ring of positive energy
 E - a +3 ring of protection (right hand)
 G - a +6 amulet of reflection (around neck)
 L - an uncursed ring of fire
 M - an uncursed ring of protection from fire
 Z - an uncursed ring of see invisible
Wands
 h - a wand of acid (8)
 u - a wand of digging (10)
 I - a wand of random effects (28)
 N - a wand of paralysis (15)
 S - a wand of enslavement (6)
Scrolls
 c - 6 scrolls of fog
 j - 15 scrolls of remove curse
 n - 2 scrolls of holy word
 o - 5 scrolls of teleportation
 p - 5 scrolls of fear
 y - 3 scrolls of blinking
 B - 6 scrolls of identify
 C - 7 scrolls of immolation
 O - 4 scrolls of magic mapping
 Q - a scroll of vulnerability
Potions
 e - 5 potions of haste
 i - 3 potions of heal wounds
 r - 8 potions of brilliance
 s - a potion of might
 v - 3 potions of magic
 z - 8 potions of curing
 F - 4 potions of flight
 H - 2 potions of berserk rage
 K - a potion of ambrosia
 P - a potion of cancellation
 R - a potion of resistance
 T - 2 potions of mutation
Miscellaneous
 l - a fan of gales
Comestibles
 f - 59 rations
 x - a chunk of flesh


   Skills:
 + Level 17.2 Fighting
 + Level 18.4 Short Blades
 - Level 10.0 Crossbows
 - Level 10.0 Armour
 + Level 14.0 Dodging
 + Level 14.2 Stealth
 - Level 5.6 Shields
 - Level 12.0 Invocations
 - Level 8.4 Evocations


You had 13 spell levels left.
You knew the following spells:

 Your Spells              Type           Power        Failure   Level  Hunger
a - Animate Dead          Necr           N/A          98%         4    #####..
b - Infusion              Chrm           #...         36%         1    ##.....

Your spell library contained the following spells:

 Spells                   Type           Power        Failure   Level  Hunger
 Summon Butterflies       Summ           #.......     36%         1    ##.....
 Corpse Rot               Necr           N/A          50%         2    ###....
 Shroud of Golubria       Chrm/Tloc      #.........   50%         2    ###....
 Song of Slaying          Chrm           #.......     50%         2    ###....
 Sublimation of Blood     Necr           #.........   50%         2    ###....
 Call Canine Familiar     Summ           #.......     75%         3    ####...
 Recall                   Summ/Tloc      N/A          75%         3    ####...
 Regeneration             Chrm/Necr      #.........   75%         3    ####...
 Spectral Weapon          Hex/Chrm       #.......     75%         3    ####...
 Cause Fear               Hex            #.........   98%         4    #####..
 Summon Ice Beast         Ice/Summ       #.......     98%         4    #####..
 Summon Lightning Spire   Summ/Air       #.......     98%         4    #####..
 Agony                    Necr           #.......     100%        5    ######.
 Bolt of Draining         Conj/Necr      #.........   100%        5    ######.
 Borgnjor's Vile Clutch   Necr/Erth      #.........   100%        5    ######.
 Dispel Undead            Necr           #.......     100%        5    ######.
 Excruciating Wounds      Chrm/Necr      #.........   100%        5    ######.
 Silence                  Hex/Air        #.........   100%        5    ######.
 Summon Mana Viper        Hex/Summ       #.......     100%        5    ######.
 Yara's Violent Unravell  Hex/Tmut       #.........   100%        5    ######.
 Conjure Ball Lightning   Conj/Air       #.........   100%        6    #######
 Death Channel            Necr           #.........   100%        6    #######
 Deflect Missiles         Chrm/Air       #.........   100%        6    #######
 Poison Arrow             Conj/Pois      #.........   100%        6    #######
 Simulacrum               Ice/Necr       #.........   100%        6    #######
 Summon Hydra             Summ           #.........   100%        7    #######
 Chain Lightning          Conj/Air       #.........   100%        8    #######
 Discord                  Hex            #.........   100%        8    #######
 Lehudib's Crystal Spear  Conj/Erth      #.........   100%        8    #######
 Fire Storm               Conj/Fire      #.........   100%        9    #######
 Glaciate                 Conj/Ice       #.........   100%        9    #######
 Tornado                  Air            #.........   100%        9    #######


Dungeon Overview and Level Annotations

Branches:
Dungeon (15/15)            Temple (1/1) D:5            Lair (6/6) D:9
 Shoals (1/4) Lair:4        Snake (4/4) Lair:4        Slime (0/5) Lair:5
    Orc (2/2) D:10            Elf (0/3) Orc:2        Vaults (0/5) D:13
 Depths (1/5) D:15

Altars:
Ashenzari
Cheibriados
Dithmenos
Elyvilon
Fedhas
Gozag
Hepliaklqana
Kikubaaqudgha
Makhleb
Nemelex Xobeh
Okawaru
Qazlal
Ru
Sif Muna
Trog
Uskayaw
Vehumet
Wu Jian
Xom
Yredelemnul
Zin
The Shining One
Beogh

Shops:
D:5 *   D:6 ?   D:9 *   D:12 *   D:13 :   D:14 [   D:15 (   Orc:2 :*(?

Portals:
Hell: Depths:1
Pandemonium: Orc:2

Annotations:
D:15 1 exclusion, Rupert
Lair:2 exclusion: oklob plant
Snake:1 Louise


Innate Abilities, Weirdness & Mutations

You are small and have problems with some larger weapons.
You are carnivorous and can eat meat at any time.


Message History

The deep troll shaman is lightly wounded.
The deep troll shaman misses you. The deep troll shaman claws you!
The deep troll shaman completely misses you.
You hit the deep troll shaman.
The deep troll shaman is poisoned.
The deep troll shaman is moderately wounded.
The deep troll shaman bites you!!
* * * LOW HITPOINT WARNING * * *
The deep troll shaman claws you but does no damage.
You block the deep troll shaman's attack.
As you read the scroll of teleportation, it crumbles to dust.
You feel strangely unstable.
You block the deep troll shaman's attack.
The deep troll shaman claws you!!
* * * LOW HITPOINT WARNING * * *
You emit a cloud of dark smoke.
The deep troll shaman closely misses you.
You block the deep troll shaman's attack.
The deep troll shaman barely misses you.
The deep troll shaman claws you.
You die...

..# ##...# ###((.(#
#........
#.###..########
####.# ....
...(.((.......###
#.#
..###########...##
#.# #######
..####>###
###..####.# #.....#
..##.T[T.##
##...##.#####.....#
..#.......#
###.##....##.....#
..##..T..##
#§§.....#........#
...##...######
#@#####..........#
[#####T####..###T#
######.....#
<(#....###....##T#
#.....#
..#..###.......§§#
#.....#
..##.##..#....####
#.....#
..#.....###..##
#.....# ..##.#..#
#### #######
.######## ##


You could see 2 deep troll shamans.

Vanquished Creatures
  Asterion (Snake:1)
  Kirke (Snake:1)
  8 nagarajas
  The ghost of Mohic the Bludgeoner, a journeyman GrFi of the Shining One (D:14)
  A merfolk impaler (Shoals:1)
  3 fire dragons
  Fannar (Lair:3)
  2 ice dragons
  7 hydras
  A catoblepas (D:14)
  6 centaur warriors
  8 anacondas
  A death knight (D:9)
  16 naga warriors
  5 two-headed ogres
  14 death yaks
  A tengu warrior (D:15)
  A deep troll earth mage (D:15)
  10 shock serpents
  6 orc high priests (Orc:2)
  13 naga sharpshooters
  2 wizards
  2 skeletal warriors
  A sea snake (Snake:1)
  3 unseen horrors
  A flayed ghost (Depths:1)
  A death drake (shapeshifter) (D:15)
  A glowing orange brain (D:15)
  8 salamander mystics
  A torturous demonspawn (Orc:2)
  6 naga ritualists
  9 orc knights
  A gelid demonspawn (Orc:2)
  2 lindwurms (Lair:6)
  11 mana vipers
  9 orc sorcerers
  14 ugly things
  5 manticores
  2 deep elf magi (D:15)
  3 cyclopes
  17 salamanders
  2 centaur zombies
  5 guardian serpents
  6 torpor snails
  3 ice statues (IceCv)
  2 rust devils (Orc:2)
  14 naga magi
  20 elephants
  34 black mambas
  2 gargoyles
  An orange demon (Orc:2)
  3 centaur skeletons (D:15)
  12 spiny frogs
  4 rime drakes
  4 komodo dragons
  2 kobold demonologists
  An ice devil (Orc:2)
  A freezing wraith (D:13)
  An efreet (D:15)
  A tengu conjurer (D:15)
  5 trolls
  10 polar bears (Lair:6)
  7 hornets (Lair:6)
  4 raiju (Lair:6)
  3 tyrant leeches (Lair:6)
  23 slime creatures
  A snapping turtle (Lair:4)
  8 blink frogs
  11 hippogriffs
  2 centaur simulacra
  3 vampires
  A spriggan (D:8)
  A shadow (D:9)
  6 wraiths
  A yak (shapeshifter) (D:14)
  2 hogs (Snake:1)
  6 hungry ghosts
  57 yaks
  5 wyverns
  4 basilisks
  A basilisk (shapeshifter) (D:13)
  A soldier ant (shapeshifter) (D:15)
  5 wargs
  59 nagas
  2 soldier ants
  17 water moccasins
  An acid dragon (D:12)
  A water moccasin (shapeshifter) (D:15)
  A floating eye (shapeshifter) (D:15)
  3 porcupines
  13 hell hounds (Lair:6)
  48 orc warriors
  Purgy (Sewer)
  10 ice beasts
  An eye of draining (D:13)
  5 sky beasts
  14 black bears
  18 ogres
  5 phantoms
  24 wolves
  6 centaurs
  12 crocodiles
  4 big kobolds
  12 bullfrogs
  2 wyvern skeletons
  4 scorpions
  3 killer bees (D:7)
  19 wights
  5 electric eels
  4 howler monkeys
  2 vampire bats (Lair:3)
  6 crimson imps
  3 bullfrog zombies
  6 hounds
  4 jellies
  23 orc wizards
  19 orc priests
  4 bullfrog skeletons
  6 iguanas
  12 worker ants
  A hound zombie (D:9)
  A hound skeleton (D:5)
  2 worker ant zombies
  9 gnolls
  A howler monkey skeleton (D:7)
  6 adders
  5 shadow imps
  An ooze (D:4)
  An adder zombie (D:6)
  An adder skeleton (D:8)
  A worm (D:2)
  A dart slug (D:1)
  5 leopard geckos
  124 orcs
  10 ball pythons
  8 giant cockroaches
  23 goblins
  12 hobgoblins
  19 jackals
  22 kobolds
  A quokka (D:6)
  18 bats
  9 frilled lizards
  5 rats
1156 creatures vanquished.

Vanquished Creatures (collateral kills)
  A death knight (D:15)
  An anaconda (Snake:4)
  A mana viper (Snake:4)
  A naga ritualist (Snake:4)
  A black mamba (Snake:4)
  A shadow (D:14)
  A chaos spawn (Orc:2)
  2 orc priests
  An orc wizard (D:14)
  2 orcs (D:14)
12 creatures vanquished.

Vanquished Creatures (others)
  An orc warlord (Orc:1)
  2 centaur warriors (D:15)
  A salamander (Snake:2)
  4 humans (Snake:1)
  An orc warrior (D:14)
  6 centaurs
  An orc wizard (D:14)
  2 orcs
  25 fungi
  47 plants
90 creatures vanquished.

Grand Total: 1258 creatures vanquished

Notes
Turn   | Place    | Note
-------+----------+-------------------------------------------
     0 | D:1      | sipior the Kobold Hunter began the quest for the Orb.
     0 | D:1      | Reached XP level 1. HP: 12/12 MP: 1/1
    94 | D:1      | Reached XP level 2. HP: 18/18 MP: 2/2
   124 | D:1      | Reached skill level 5 in Crossbows
   367 | D:1      | Reached XP level 3. HP: 22/22 MP: 3/3
  1232 | D:2      | Found a bloodstained altar of Trog.
  1242 | D:2      | Reached XP level 4. HP: 23/27 MP: 4/4
  1883 | D:3      | Found a hide-covered altar of Uskayaw.
  2061 | D:3      | HP: 1/27 [worker ant (4)]
  2077 | D:3      | Reached skill level 1 in Short Blades
  2501 | D:3      | Found a deep blue altar of Sif Muna.
  2857 | D:4      | Reached XP level 5. HP: 32/32 MP: 5/5
  3277 | D:4      | Noticed an ogre
  3302 | D:4      | Killed an ogre
  3302 | D:4      | Reached skill level 2 in Short Blades
  3302 | D:4      | Reached XP level 6. HP: 36/36 MP: 6/6
  3513 | D:5      | Entered Level 5 of the Dungeon
  3752 | D:5      | Noticed a phantom
  3764 | D:5      | Killed a phantom
  4107 | D:5      | Reached XP level 7. HP: 41/41 MP: 7/7
  4145 | D:5      | Reached skill level 5 in Stealth
  4270 | D:5      | Reached skill level 5 in Dodging
  4289 | D:5      | Found a staircase to the Ecumenical Temple.
  4312 | Temple   | Entered the Ecumenical Temple
  4394 | Temple   | Became a worshipper of Dithmenos the Shadowed
  4939 | D:5      | Found Gywuwuh's General Store.
  4942 | D:5      | Bought a scroll of teleportation for 45 gold pieces
  4942 | D:5      | Bought 30 bolts for 90 gold pieces
  5089 | D:6      | Reached XP level 8. HP: 48/48 MP: 8/8
  5153 | D:6      | Found Vir Xetengo's Magic Scroll Emporium.
  5210 | D:6      | Found a glowing drain.
  5214 | Sewer    | Entered a sewer
  5262 | Sewer    | Noticed Purgy
  5278 | Sewer    | Killed Purgy
  5645 | D:6      | Reached skill level 5 in Fighting
  5677 | D:6      | Reached * piety under Dithmenos
  6093 | D:7      | Noticed a hippogriff
  6138 | D:7      | Reached XP level 9. HP: 54/54 MP: 9/9
  6590 | D:7      | Killed a hippogriff
  6760 | D:7      | Noticed a hippogriff
  6768 | D:7      | Killed a hippogriff
  6924 | D:7      | Reached ** piety under Dithmenos
  6972 | D:7      | Reached XP level 10. HP: 63/63 MP: 10/10
  7113 | D:8      | Noticed a two-headed ogre
  7120 | D:8      | Killed a two-headed ogre
  7120 | D:8      | Reached skill level 10 in Stealth
  7348 | D:8      | Found a white marble altar of Elyvilon.
  7496 | D:8      | Reached skill level 10 in Crossbows
  7564 | D:8      | Reached skill level 3 in Short Blades
  7564 | D:8      | Reached skill level 1 in Invocations
  7897 | D:9      | Found a transporter.
  7902 | D:9      | Found a transporter.
  7905 | D:9      | Found a basalt altar of Yredelemnul.
  7909 | D:9      | Noticed a death knight
  7919 | D:9      | Found an ancient bone altar of Kikubaaqudgha.
  8215 | D:9      | Found Harev's General Store.
  8219 | D:9      | Bought a potion of flight for 48 gold pieces
  8301 | D:9      | Found a staircase to the Lair.
  8561 | Lair:1   | Entered Level 1 of the Lair of Beasts
  8651 | Lair:1   | Noticed a spiny frog
  8655 | Lair:1   | Noticed a spiny frog
  8660 | Lair:1   | Killed a spiny frog
  8660 | Lair:1   | Reached skill level 4 in Short Blades
  8664 | Lair:1   | Killed a spiny frog
  8664 | Lair:1   | Reached XP level 11. HP: 69/69 MP: 11/13
  8762 | Lair:1   | Reached skill level 5 in Short Blades
  8840 | Lair:1   | Reached *** piety under Dithmenos
  8931 | Lair:1   | Reached skill level 10 in Dodging
  8943 | Lair:1   | Reached skill level 6 in Short Blades
  9722 | Lair:1   | Reached skill level 7 in Short Blades
 10283 | D:9      | Reached skill level 1 in Evocations
 10368 | D:9      | Reached skill level 10 in Fighting
 10368 | D:9      | Reached skill level 1 in Armour
 10841 | Lair:2   | Reached skill level 8 in Short Blades
 10841 | Lair:2   | Reached XP level 12. HP: 77/77 MP: 15/15
 10889 | Lair:2   | Noticed a five-headed hydra
 10929 | Lair:2   | Killed a five-headed hydra
 11741 | Lair:3   | Noticed an eight-headed hydra
 11779 | Lair:3   | Found a frozen archway.
 11790 | IceCv    | Entered an ice cave
 11796 | IceCv    | Reached skill level 9 in Short Blades
 12515 | IceCv    | Reached **** piety under Dithmenos
 12661 | IceCv    | Reached skill level 5 in Evocations
 13376 | Lair:3   | Noticed Fannar
 13586 | Lair:3   | Reached skill level 10 in Short Blades
 13756 | Lair:3   | Killed an eight-headed hydra
 13756 | Lair:3   | Reached XP level 13. HP: 84/84 MP: 17/17
 13822 | Lair:3   | Killed Fannar
 14082 | Lair:4   | Found a staircase to the Snake Pit.
 14396 | Lair:4   | Noticed a seven-headed hydra
 14404 | Lair:4   | Killed a seven-headed hydra
 14433 | Lair:4   | Reached skill level 5 in Armour
 14710 | Lair:3   | Reached skill level 11 in Short Blades
 15175 | Lair:4   | Found a staircase to the Shoals.
 15724 | Lair:5   | Found a staircase to the Slime Pits.
 15764 | Lair:5   | Reached ***** piety under Dithmenos
 16225 | Lair:6   | Entered Level 6 of the Lair of Beasts
 16227 | Lair:6   | Noticed a seven-headed hydra
 16462 | D:10     | Entered Level 10 of the Dungeon
 16686 | D:10     | Found a flagged portal.
 16712 | Bailey   | Entered a bailey
 16781 | Bailey   | Found an iron altar of Okawaru.
 16816 | Bailey   | Found the +11 plutonium sword {*Contam Stlth-}
 16983 | Bailey   | Got a transparent scale mail
 17007 | Bailey   | Identified the cursed +0 scale mail "Luhetaetze" {rC+ rN+} (You found it in a bailey)
 17698 | D:10     | Found a roughly hewn altar of Beogh.
 17698 | D:10     | Found a staircase to the Orcish Mines.
 18560 | D:5      | Bought a scroll of acquirement for 780 gold pieces
 18986 | D:11     | Reached skill level 1 in Shields
 19220 | D:11     | Reached skill level 12 in Short Blades
 19256 | D:11     | Reached XP level 14. HP: 67/92 MP: 20/20
 20060 | D:10     | Reached ****** piety under Dithmenos
 21467 | Lair:6   | Reached skill level 13 in Short Blades
 22834 | Lair:6   | Upgraded the game from 0.22.0-36-g8e74550 to 0.22.0-38-g04b72b8
 23245 | Lair:6   | Reached XP level 15. HP: 91/99 MP: 21/21
 23362 | Lair:6   | Reached skill level 5 in Shields
 23819 | Lair:6   | Found a runed door.
 24029 | Lair:6   | Reached skill level 14 in Short Blades
 26979 | D:12     | Found Gyro Dac's Assorted Antiques.
 26985 | D:12     | Bought a scroll of identify for 54 gold pieces
 27222 | D:12     | Reached skill level 5 in Invocations
 27937 | D:12     | Found a glowing golden altar of the Shining One.
 29222 | D:13     | Found a gate to the Vaults.
 29266 | D:13     | Found Xish's Book Boutique.
 29977 | D:14     | Reached XP level 16. HP: 107/107 MP: 22/22
 30003 | D:14     | Reached skill level 15 in Short Blades
 30121 | D:14     | Found Miakh's Antique Armour Boutique.
 30131 | D:14     | Noticed Mohic's ghost (journeyman GrFi)
 30132 | D:14     | Bought a pair of embroidered gloves for 262 gold pieces
 30144 | D:14     | Found a runed door.
 30616 | D:14     | Got a slimy plate armour
 30648 | D:14     | Identified the cursed +1 plate armour of Amorality {Int+4} (You found it on level 14 of the Dungeon)
 30919 | D:15     | Entered Level 15 of the Dungeon
 31395 | D:15     | Learned a level 4 spell: Animate Dead
 31913 | D:15     | Reached skill level 15 in Fighting
 31988 | D:15     | Learned a level 1 spell: Infusion
 32287 | D:15     | Found a staircase to the Depths.
 32707 | D:15     | Noticed Rupert
 32712 | D:15     | Found Serapp's Weapon Shoppe.
 33775 | D:15     | Reached skill level 16 in Short Blades
 33936 | Orc:1    | Entered Level 1 of the Orcish Mines
 34138 | Orc:1    | Reached skill level 10 in Armour
 34646 | Orc:2    | Entered Level 2 of the Orcish Mines
 35318 | Orc:2    | Found a roughly hewn altar of Beogh.
 35791 | Orc:2    | Found Rizuot Tinn's Magic Scroll Shoppe.
 35908 | Orc:2    | Found Tegiegub's General Store.
 36184 | Orc:2    | Reached XP level 17. HP: 113/113 MP: 23/23
 36301 | Orc:2    | Bought a scroll of acquirement for 780 gold pieces
 37231 | Orc:2    | Found a staircase to the Elven Halls.
 37441 | Orc:2    | Paralysed by an orc sorcerer for 7 turns
 37707 | Orc:2    | Paralysed by an orc sorcerer for 7 turns
 37976 | Orc:2    | Found Xughiqij's Antique Weapon Shop.
 37977 | Orc:2    | Found a one-way gate leading to the halls of Pandemonium.
 37978 | Orc:2    | Found Zarag's Book Boutique.
 38107 | Orc:2    | Bought a runed hand crossbow for 169 gold pieces
 38492 | Snake:1  | Entered Level 1 of the Snake Pit
 38885 | Snake:1  | Noticed Kirke
 38889 | Snake:1  | Killed Kirke
 38961 | Snake:1  | Noticed Asterion
 38975 | Snake:1  | Noticed an Executioner
 38993 | Snake:1  | Killed Asterion
 39032 | Snake:1  | Noticed Louise
 40055 | Snake:1  | Found a sacrificial altar of Ru.
 41309 | Snake:2  | Reached skill level 17 in Short Blades
 41694 | Snake:2  | Reached skill level 10 in Invocations
 42237 | Snake:3  | Reached XP level 18. HP: 87/120 MP: 25/25
 44129 | Snake:4  | Entered Level 4 of the Snake Pit
 49163 | Snake:4  | Reached skill level 18 in Short Blades
 49585 | Snake:4  | Reached XP level 19. HP: 104/127 MP: 27/27
 51085 | Snake:4  | Got a serpentine rune of Zot
 51339 | Shoals:1 | Entered Level 1 of the Shoals
 51770 | D:12     | Bought a scroll of teleportation for 81 gold pieces
 51770 | D:12     | Bought a scroll of teleportation for 81 gold pieces
 51880 | D:14     | Killed Mohic's ghost
 52805 | Depths:1 | Entered Level 1 of the Depths
 52832 | Depths:1 | Found a gateway to Hell.
 52859 | Depths:1 | Noticed a lich
 53025 | D:15     | HP: 5/128 [deep troll shaman (21)]
 53026 | D:15     | Slain by a deep troll shaman

Skill      XL: |  1  2  3  4  5  6  7  8  9 10 11 12 13 14 15 16 17 18 19 |
---------------+----------------------------------------------------------+-----
Crossbows      | 5 6 7 9 10 | 10.0
Stealth        | 2 3 4 6 7 9 10 12 13 14 | 14.2
Dodging        | 3 4 5 6 8 9 10 11 12 13 14 | 14.0
Short Blades   | 1 2 4 8 10 12 13 14 16 17 18 | 18.4
Fighting       | 3 4 5 7 8 10 11 12 13 14 15 16 17 | 17.2
Invocations    | 2 4 5 8 10 11 12 | 12.0
Evocations     | 2 6 8 |  8.4
Armour         | 1 4 6 7 9 10 | 10.0
Shields        | 1 4 5 |  5.6

Action                   |  1- 3 |  4- 6 |  7- 9 | 10-12 | 13-15 | 16-18 | 19-21 || total
-------------------------+-------+-------+-------+-------+-------+-------+-------++-------
Melee: Short sword       |    38 |   115 |    27 |       |       |       |       ||   180
       Rapier            |       |       |    11 |   549 |  2317 |  2945 |   373 ||  6195
       Hand crossbow     |       |       |     2 |       |       |       |       ||     2
 Fire: Hand crossbow     |    64 |    75 |   254 |   397 |   229 |   297 |   103 ||  1419
       Blowgun           |       |       |       |       |     5 |       |       ||     5
       Triple crossbow   |       |       |       |       |       |     3 |       ||     3
Throw: Throwing net      |       |       |       |       |     1 |       |       ||     1
Evoke: Wand              |       |       |       |    10 |    15 |    36 |       ||    61
       Fan of gales      |       |       |       |     1 |     1 |     1 |       ||     3
       Phantom mirror    |       |       |       |       |       |     1 |       ||     1
  Use: Scroll            |       |    10 |    13 |    11 |    17 |    13 |     3 ||    67
       Potion            |       |     1 |     1 |     1 |     4 |    11 |     5 ||    23
 Stab: Sleeping          |     2 |     6 |       |    14 |    40 |    42 |     6 ||   110
       Distracted        |       |       |       |       |     9 |    19 |     1 ||    29
       Paralysed         |       |       |       |       |     1 |     2 |       ||     3
  Eat: Chunk             |     9 |     9 |     9 |    21 |    52 |    66 |    11 ||   177
       Ration            |       |       |       |       |     2 |       |       ||     2
Armor: Leather armour    |    13 |    23 |       |       |   171 |   249 |    33 ||   489
       Ring mail         |       |    19 |    16 |       |       |       |       ||    35
       Troll leather arm |       |       |    10 |    75 |    51 |       |       ||   136
Dodge: Dodged            |    61 |   138 |   120 |   544 |  1380 |  1204 |   173 ||  3620
Block: Other             |       |     8 |    18 |   143 |    85 |     5 |       ||   259
       Buckler           |       |       |       |       |   896 |  1246 |   153 ||  2295
       Reflection        |       |       |       |       |    16 |   115 |    13 ||   144
